 Dungeon Crawl Stone Soup version 0.31.0-32-g396128a36d (webtiles) character file.

Game seed: 10038294621776605759

627 PaiMei the Grave Robber (level 7, 51/51 HPs)
             Began as a Demonspawn Necromancer on Apr 25, 2024.
             Quit the game on level 5 of the Dungeon.
             The game lasted 00:09:38 (6234 turns).

PaiMei the Grave Robber (Demonspawn Necromancer)    Turns: 6234, Time: 00:09:38

Health: 51/51      AC:  4    Str:  9    XL:     7   Next: 23%
Magic:  13/13      EV: 31    Int: 17    God:
Gold:   240        SH:  4    Dex: 13    Spells: 6/14 levels left

rFire   . . .        (no weapon)
rCold   . . .        (no shield)
rNeg    . . .        a - +0 robe
rPois   .            q - +0 helmet
rElec   .            o - +0 cloak
rCorr   .            (gloves unavailable)
SInv    .            (no boots)
Will    .....        s - amulet of the acrobat
Stlth   ++           (no ring)
HPRegen 0.28/turn    (no ring)
MPRegen 0.13/turn

%: acrobat
@: acrobatic
A: claws 3, repulsion field 2, condensation shield
a: no special abilities


You were on level 5 of the Dungeon.
You visited 1 branch of the dungeon, and saw 5 of its levels.

You collected 240 gold pieces.

Inventory:

Hand Weapons
 j - a +0 long sword
Armour
 a - a +0 robe (worn)
 o - a +0 cloak (worn)
 q - a +0 helmet (worn)
Jewellery
 k - a ring of flight
 s - an amulet of the acrobat (around neck)
 w - an amulet of guardian spirit
Scrolls
 d - a scroll of teleportation {unknown}
 g - 2 scrolls of silence {unknown}
 l - a scroll of noise {unknown}
 m - 3 scrolls of identify {unknown}
 p - a scroll of enchant armour {unknown}
 r - 2 scrolls of revelation {unknown}
 t - a scroll of enchant weapon {unknown}
 v - a scroll of amnesia {unknown}
Potions
 b - 3 potions of magic
 c - 2 potions of might {unknown}
 e - 3 potions of heal wounds {unknown}
 f - a potion of haste {unknown}
 h - a potion of enlightenment {unknown}
 i - 2 potions of attraction {unknown}
 n - a potion of resistance {unknown}
 u - a potion of curing {unknown}


   Skills:
 + Level 2.7 Fighting
 + Level 3.9 Dodging
 - Level 2.9 Stealth
 + Level 4.0 Spellcasting
 + Level 6.1 Necromancy


You had 6 spell levels left.
You knew the following spells:

 Your Spells              Type           Power      Damage    Failure   Level
a - Necrotise             Necr           96%        1d8       1%          1
b - Vampiric Draining     Necr           24%        2d7       3%          3
c - Animate Dead          Necr           24%        N/A       12%         4

Your spell library contained the following spells:

 Spells                   Type           Power      Damage    Failure   Level
 Curse of Agony           Necr           24%        N/A       34%         5
 Inner Flame              Hex/Fire       3%         N/A       43%         3
 Tukima's Dance           Hex            3%         N/A       43%         3
 Flame Wave               Conj/Fire      3%         2d5       83%         4
 Passage of Golubria      Tloc           3%         N/A       83%         4
 Sticky Flame             Fire/Alch      3%         2d4       83%         4
 Yara's Violent Unravell  Hex/Alch       1%         3d3       99%         5


Dungeon Overview and Level Annotations

Branches:
Dungeon (5/15)
 Temple: D:4-7

Altars:
Cheibriados
Hepliaklqana

Annotations:
D:4 Ijyb


Innate Abilities, Weirdness & Mutations

You have claws for hands.
You are surrounded by a moderate repulsion field. (EV +3)
A meltable shield of frost defends you. (SH +4)


Message History

You barely miss the phantom.
The phantom is almost destroyed.
You block the phantom's attack.
You closely miss the phantom. You claw the phantom.
The phantom is almost destroyed.
The phantom hits you but does no damage.
You closely miss the phantom.
The phantom is almost destroyed.
The phantom barely misses you.
You barely miss the phantom.
The phantom is almost destroyed.
The phantom barely misses you.
You scratch the phantom.
You destroy the phantom!
Your Spellcasting skill increases to level 4!
HP restored.
You open the door.
There is an open door here.
Found a stone staircase leading up.
You now have 240 gold pieces (gained 13).
There is an open door here.
There is an open door here.
Things that are here:
a +0 short sword; a +0 ring mail You see here a +0 dagger.
i - 2 fizzy grey potions (gained 1)
You hear a distant slurping noise.
You hear a distant slurping noise.
Found a stone staircase leading up.
You see here a +0 dagger.
There is an open door here.
Done exploring.
Done exploring.
Search for what [Enter for "."]? .
Unknown command.
Sorry, you're not good enough to have a special ability.
Unknown command.
Unknown command.
Unknown command.
Are you sure you want to abandon this character and quit the game? (Confirm with "yes".)

.....#<..#.#..........+..........
###.####.#.#.###...####..........
##....#.#.#.###...# #..........
#.....#.#.#.#.).#.# #.....#####
##.##..#.#.#...#...####.....#
.#.......#.#..##.......######
.####....#.#..###'####.#
.####.##....>.##♣.♣##..#
.##...####.#.##♣@..♣#### ###.###
#.#.##.._..#
....######.#.##♣...♣#
....#...##.#.##≈♣8♣≈#
.##.#.#.##...##≈≈≈≈≈#
.##.#.#.#######≈≈≈≈≈# ###.#.#.#
##≈≈≈## #.#.#.# ##########
#...#.# #......#


There were no monsters in sight!

Vanquished Creatures
  An ogre (D:5)
  A phantom (D:5)
  A scorpion (D:4)
  A howler monkey (D:4)
  2 bombardier beetles
  A hound (D:4)
  2 orc priests
  A sleepcap (D:5)
  2 iguanas
  5 adders
  A shadow imp (D:5)
  2 ribbon worms
  9 orcs
  4 endoplasms
  2 giant cockroaches
  3 goblins
  5 hobgoblins
  8 jackals
  5 kobolds
  5 quokkas
  5 ball pythons
  5 bats
  5 frilled lizards
  3 rats
79 creatures vanquished.

Vanquished Creatures (collateral kills)
  A jackal (D:2)
  A rat (D:1)
2 creatures vanquished.

Grand Total: 81 creatures vanquished

Notes
Turn   | Place    | Note
-------+----------+-------------------------------------------
     0 | D:1      | PaiMei the Demonspawn Necromancer began the quest for the
                  | Orb.
     0 | D:1      | Reached XP level 1. HP: 13/13 MP: 3/3
   446 | D:1      | Gained mutation: A meltable shield of frost defends you.
                  | (SH +4) [demonic ancestry]
   446 | D:1      | Reached XP level 2. HP: 17/19 MP: 1/5
  1092 | D:2      | Gained mutation: You are surrounded by a mild repulsion
                  | field. (EV +2) [demonic ancestry]
  1092 | D:2      | Reached XP level 3. HP: 24/24 MP: 1/6
  1096 | D:2      | Learned a level 3 spell: Vampiric Draining
  2391 | D:3      | Gained mutation: You are surrounded by a moderate repulsion
                  | field. (EV +3) [demonic ancestry]
  2391 | D:3      | Reached XP level 4. HP: 30/30 MP: 4/8
  2638 | D:3      | Reached skill level 5 in Necromancy
  3376 | D:3      | Gained mutation: You have sharp fingernails. [demonic
                  | ancestry]
  3376 | D:3      | Reached XP level 5. HP: 31/35 MP: 1/9
  4079 | D:3      | Learned a level 4 spell: Animate Dead
  4231 | D:4      | Reached skill level 1 in Fighting
  4293 | D:4      | Gained mutation: You have very sharp fingernails. [demonic
                  | ancestry]
  4293 | D:4      | Reached XP level 6. HP: 41/43 MP: 2/11
  4424 | D:4      | Noticed Ijyb
  4551 | D:5      | Entered Level 5 of the Dungeon
  5285 | D:5      | Found a hazy altar of Hepliaklqana.
  5511 | D:5      | Gained mutation: You have claws for hands. [demonic
                  | ancestry]
  5511 | D:5      | Reached XP level 7. HP: 51/51 MP: 0/12
  5523 | D:5      | Reached skill level 6 in Necromancy
  5787 | D:5      | Found a snail-covered altar of Cheibriados.
  6234 | D:5      | Quit the game

Illustrated notes

Levels and vault maps discovered:
D:1:      scummos_arrival_checkerplants, layout_basic
D:2:      layout_basic, minivault_19, minivault_5
D:3:      layout_basic, mainiacjoe_overflow_24_doors, minmay_vboxes
D:4:      layout_cave_pods, kennysheep_generic_room_11, uniq_blork_the_orc,
          uniq_ijyb
D:5:      layout_basic, cheibrodos_worm_habitat,
          worldfamousw_hep_ancestral_shrine

Skill      XL: |  1  2  3  4  5  6  7 |
---------------+----------------------+-----
Dodging        | 2 3 |  3.9
Stealth        | 2 |  2.9
Necromancy     | 5 6 |  6.1
Spellcasting   | 3 4 |  4.0
Fighting       | 1 2 |  2.7

Action                     |  1- 3 |  4- 6 |  7- 9 || total
---------------------------+-------+-------+-------++-------
  Melee: Unarmed           |     9 |       |    16 ||    25
         Dagger            |    13 |       |       ||    13
         Long sword        |     2 |    14 |    31 ||    47
         Short sword       |     1 |       |       ||     1
         Punch             |       |     1 |     1 ||     2
   Cast: Necrotise         |    72 |   108 |     4 ||   184
         Vampiric Draining |       |     6 |       ||     6
 Armour: Robe              |    16 |    21 |    16 ||    53
  Dodge: Dodged            |    34 |    42 |    36 ||   112
  Block: Other             |     6 |    12 |     6 ||    24
